 Dungeon Crawl Stone Soup version 0.23.0 (webtiles) character file.

Game seed: 1288997214916884395

132 Raclure the Conjurer (level 4, 0/21 HPs)
             Began as a Spriggan Conjurer on Feb 18, 2019.
             Succumbed to an adder's poison
             ... on level 3 of the Dungeon.
             The game lasted 00:19:00 (3476 turns).

Raclure the Conjurer (Spriggan Conjurer)            Turns: 3476, Time: 00:19:00

Health: 0/21       AC:  5    Str:  4    XL:     4   Next: 92%
Magic:  2/10       EV: 19    Int: 15    God:
Gold:   106        SH:  0    Dex: 16    Spells: 7/10 levels left

rFire    . . .     SeeInvis +   l - +0 short sword
rCold    . . .     Gourm    .   (shield restricted)
rNeg     + . .     Faith    .   a - +0 robe
rPois    .         Spirit   .   (helmet restricted)
rElec    .         Reflect  .   g - +2 cloak
rCorr    .         Harm     .   (gloves unavailable)
MR       .....                  (boots unavailable)
Stlth    ++........             (no amulet)
HPRegen  0.07/turn              q - ring of positive energy
MPRegen  0.12/turn              (no ring)

@: lethally poisoned (0 -> -2), very quick
A: very small, unfitting armour, hooves 1, see invisible, dopey 1, herbivore,
speed 3, slow metabolism 2, evolution 1, MP-powered wands
a: no special abilities


You were on level 3 of the Dungeon.
You were not hungry.

You visited 1 branch of the dungeon, and saw 3 of its levels.

You collected 106 gold pieces.

Inventory:

Hand Weapons
 l - a +0 short sword (weapon)
 o - a +0 hunting sling
Missiles
 d - 30 poisoned needles
 e - 239 stones (quivered)
 h - 25 sling bullets
 k - 8 poisoned tomahawks
 p - 5 tomahawks
Armour
 a - a +0 robe (worn)
 g - a +2 cloak (worn)
 n - a +0 robe
Jewellery
 q - a ring of positive energy (left hand)
Scrolls
 b - a scroll of identify
Potions
 f - a potion of mutation
 i - a potion of lignification
Comestibles
 c - 7 rations


   Skills:
 + Level 0.3 Fighting
   Level 0.3 Maces & Flails
 + Level 3.7 Dodging
 + Level 3.6 Stealth
 + Level 3.5 Spellcasting
 + Level 4.0 Conjurations


You had 7 spell levels left.
You knew the following spells:

 Your Spells              Type           Power        Failure   Level  Hunger
a - Magic Dart            Conj           ##..         3%          1    None
b - Searing Ray           Conj           ##....       5%          2    ##.....

Your spell library contained the following spells:

 Spells                   Type           Power        Failure   Level  Hunger
 Dazzling Spray           Conj/Hex       #.....       24%         3    ###....
 Iskenderun's Mystic Bla  Conj           ##......     34%         4    ####...
 Force Lance              Conj/Tloc      #.......     63%         4    ####...
 Fulminant Prism          Conj/Hex       #.........   63%         4    ####...


Dungeon Overview and Level Annotations

Branches:
Dungeon (3/15)

Altars:


Innate Abilities, Weirdness & Mutations

You are very small and have problems with some larger weapons.
You are too small for most types of armour.
You have supernaturally acute eyesight. (SInv)
You are a herbivore.
You cover ground extremely quickly.
You need to consume almost no food.
You have large cloven feet.
You are dopey. (Int -2)
You evolve.
You expend magic power (3 MP) to strengthen your wands.


Message History

As you read the scroll labeled YNNUMNAPSU, it crumbles to dust.
You assume a fearsome visage.
Nothing appears to happen.
It was a scroll of fear.
* * * LOW HITPOINT WARNING * * *
You feel sick.
As you read the scroll labeled SOOHI HEYJ, it crumbles to dust.
You feel blessed for a moment.
It was a scroll of remove curse.
As you read the scroll of identify, it crumbles to dust.
i - a potion of lignification
* * * LOW HITPOINT WARNING * * *
You feel sick.
As you read the scroll labeled JICZUT OGGUTO, it crumbles to dust.
The scroll dissolves into smoke.
It was a scroll of fog.
* * * LOW HITPOINT WARNING * * *
You feel sick.
* * * LOW HITPOINT WARNING * * *
You feel sick.
A kobold comes into view.
An ooze comes into view.
You die...

#§§§§#
####.####.###
#§#### #.# .#
#.# #.# .#
#.# #.#
#.##### #.#
#.#J.. ..#
###.#.# ###
#.....#
#.#.#@#
#...#.#
#.......
#......##
#.K..###
.....#
......# ....


You could see an ooze (sleeping).

Vanquished Creatures
  7 adders
  A worm (D:2)
  2 dart slugs
  2 leopard geckos
  An orc (D:3)
  4 bats
  A giant cockroach (D:2)
  4 goblins
  10 hobgoblins
  4 jackals (D:1)
  8 kobolds
  A quokka (D:2)
  4 ball pythons
  4 frilled lizards
  5 rats
58 creatures vanquished.

Notes
Turn   | Place    | Note
-------+----------+-------------------------------------------
     0 | D:1      | Raclure the Spriggan Conjurer began the quest for the Orb.
     0 | D:1      | Reached XP level 1. HP: 9/9 MP: 5/5
   130 | D:1      | Reached skill level 3 in Conjurations
   536 | D:1      | Reached XP level 2. HP: 13/13 MP: 3/6
   569 | D:1      | Learned a level 2 spell: Searing Ray
  1258 | D:1      | Reached XP level 3. HP: 15/16 MP: 0/8
  2327 | D:2      | Reached XP level 4. HP: 21/21 MP: 4/9
  2372 | D:2      | HP: 1/21 [bat (1)]
  2375 | D:2      | Gained mutation: You expend magic power (3 MP) to
                  | strengthen your wands. [potion of mutation]
  2375 | D:2      | Gained mutation: You are dopey. (Int -2) [potion of
                  | mutation]
  2375 | D:2      | Gained mutation: You have large cloven feet. [potion of
                  | mutation]
  2375 | D:2      | Gained mutation: You evolve. [potion of mutation]
  2532 | D:2      | Reached skill level 4 in Conjurations
  3470 | D:3      | HP: 1/21 [poisoned by an adder]
  3476 | D:3      | Succumbed to an adder's poison

Skill      XL: |  1  2  3  4 |
---------------+-------------+-----
Conjurations   | 3 4 |  4.0
Spellcasting   | 3 |  3.5
Fighting       | |  0.3
Maces & Flails | |  0.3
Dodging        | |  3.7
Stealth        | |  3.6

Action                   |  1- 3 |  4- 6 || total
-------------------------+-------+-------++-------
Melee: Unarmed           |     3 |       ||     3
       Whip              |    18 |    14 ||    32
       Short sword       |       |    22 ||    22
       Kick              |       |    10 ||    10
 Cast: Magic Dart        |    36 |    38 ||    74
       Searing Ray       |    21 |     8 ||    29
  Use: Scroll            |       |     6 ||     6
       Potion            |       |     2 ||     2
  Eat: Ration            |       |     1 ||     1
Armor: Robe              |     5 |     9 ||    14
Dodge: Dodged            |    44 |    74 ||   118
